 Dungeon Crawl Stone Soup version 0.29-a0-509-g793eeb5391 (webtiles) character file.

Game seed: 6788703370133447282

15 clown the Bolt Thrower (level 2, 16/16 HPs)
             Began as a Kobold Arcane Marksman on May 1, 2022.
             Was a Follower of Wu Jian.
             Quit the game on level 2 of the Dungeon on May 29, 2022.
             The game lasted 00:02:35 (1372 turns).

clown the Bolt Thrower (Kobold Arcane Marksman)     Turns: 1372, Time: 00:02:36

Health: 16/16      AC:  2    Str:  7    XL:     2   Next: 65%
Magic:  3/3        EV: 15    Int: 14    God:    Wu Jian [*.....]
Gold:   115        SH:  0    Dex: 15    Spells: 2/3 levels left

rFire   . . .      SeeInvis .   a - +0 hand crossbow
rCold   . . .      Faith    .   (no shield)
rNeg    . . .      Spirit   .   b - +0 robe
rPois   .          Reflect  .   (no helmet)
rElec   .          Harm     .   (no cloak)
rCorr   .          Rampage  .   (no gloves)
Will    .....                   (no boots)
Stlth   ++........              (no amulet)
HPRegen 0.05/turn               (no ring)
MPRegen 0.08/turn               (no ring)

@: no status effects
A: small, no large weapons, nightstalker 3
a: Renounce Religion


You were on level 2 of the Dungeon.
You worshipped Wu Jian.
Wu Jian was aware of your devotion.
You visited 1 branch of the dungeon, and saw 2 of its levels.

You collected 115 gold pieces.

Inventory:

Hand Weapons
 a - a +0 hand crossbow (weapon)
Armour
 b - a +0 robe (worn)
Jewellery
 j - a ring of poison resistance
Scrolls
 c - 2 scrolls of vulnerability
 d - a scroll of amnesia {unknown}
 e - a scroll of teleportation {unknown}
 h - a scroll of fog {unknown}
 i - a scroll of immolation {unknown}
Potions
 f - a potion of flight {unknown}
 g - 2 potions of curing {unknown}


   Skills:
 - Level 1.1 Fighting
 + Level 4.1 Crossbows
 - Level 2.4 Dodging
 - Level 1.1 Spellcasting
 - Level 3.0 Hexes


You had 2 spell levels left.
You knew the following spells:

 Your Spells              Type           Power      Damage    Failure   Level
a - Slow                  Hex            36%        N/A       8%          1

Your spell library contained the following spells:

 Spells                   Type           Power      Damage    Failure   Level
 Pain                     Necr           0%         1d4       26%         1
 Inner Flame              Hex/Fire       4%         N/A       38%         3
 Portal Projectile        Hex/Tloc       8%         N/A       38%         3
 Cause Fear               Hex            4%         N/A       58%         4
 Agony                    Necr           0%         N/A       100%        5
 Discord                  Hex            4%         N/A       100%        8


Dungeon Overview and Level Annotations

Branches:
Dungeon (2/15)

Altars:
Wu Jian


Innate Abilities, Weirdness & Mutations

You are small and have problems with some larger weapons.
You are completely attuned to the shadows.


Message History

Wu Jian accepts your prayer! The Council welcomes you!
You can now perform damaging attacks by moving towards foes.
You can now lightly attack monsters by moving around them.
Done exploring.
Done exploring.
(D) Dungeon
Where to? (Enter - D:1 @ (x,y), ? - help)
Things that are here:
11 stones; a human skeleton
There is a stone staircase leading down here.
You climb downwards.
Found an escape hatch in the ceiling.
Found a stone staircase leading down.
There is a stone staircase leading up here.
There is a stone staircase leading down here.
A frilled lizard comes into view.
Shoot: a) +0 hand crossbow
Press: ? - help, Shift-Dir - straight line, f - frilled lizard
Aim: a frilled lizard (asleep, 98% to hit)
You shoot a bolt. The bolt hits the frilled lizard!
You kill the frilled lizard!
The Council accepts your kill.
A frilled lizard comes into view.
The frilled lizard moves out of view.
Found a scale mail.
You see here a +0 scale mail.
Found a flail.
A bat comes into view.
Shoot: a) +0 hand crossbow
Press: ? - help, Shift-Dir - straight line, f - bat
Aim: a bat (asleep, 98% to hit)
You shoot a bolt. The bolt hits the bat!
You kill the bat!
The Council accepts your kill.
j - a ring of poison resistance Unknown command.
Welcome back, clown the Kobold Arcane Marksman.
The Council says: Follow the path of wisdom and battle!
Press ? for a list of commands and other information.
Are you sure you want to abandon this character and quit the game? (Confirm with "yes".)

##. #.. #.#
# .###.##.#
....@...#
####.####
###...#####
...........
###....##
##.#.#
###.# #.#
#.#


There were no monsters in sight!

Vanquished Creatures
  2 bats
  An endoplasm (D:1)
  3 hobgoblins (D:1)
  A quokka (D:1)
  2 ball pythons (D:1)
  2 frilled lizards
  2 kobolds (D:1)
  A rat (D:1)
14 creatures vanquished.

Notes
Turn   | Place    | Note
-------+----------+-------------------------------------------
     0 | D:1      | clown the Kobold Arcane Marksman began the quest for the
                  | Orb.
     0 | D:1      | Reached XP level 1. HP: 12/12 MP: 2/2
   127 | D:1      | Reached skill level 3 in Crossbows
   546 | D:1      | Reached XP level 2. HP: 16/16 MP: 3/3
  1004 | D:1      | Reached skill level 4 in Crossbows
  1117 | D:1      | Found a faded altar of an unknown god.
  1220 | D:1      | Prayed at the altar of an unknown god.
  1220 | D:1      | Became a worshipper of the Wu Jian Council
  1220 | D:1      | Reached * piety under Wu Jian
  1372 | D:2      | Upgraded the game from 0.29-a0-367-gc2b5878c41 to
                  | 0.29-a0-509-g793eeb5391
  1372 | D:2      | Quit the game

Illustrated notes

Levels and vault maps discovered:
D:1:      dpeg_arrival_concentric_ovals, layout_basic,
          shapermc_ecumenical_altar_pompeii, serial_co_window_serial,
          co_window_paths_b, co_window_paths_a, co_window_paths_b,
          co_window_paths_b, co_window_paths_b, co_window_paths_a,
          co_window_corner_a, co_window_corner_ca, co_window_corner_ca,
          co_window_corner_b, co_window_paths_c, co_window_of_opportunity_b,
          glass_columns_c, glass_columns_a, glass_columns_c, glass_columns_a,
          glass_columns_a
D:2:      layout_loops_corners, serial_shops, nicolae_shop_hallway_stairs,
          uniq_jessica, uniq_natasha

Skill      XL: |  1  2 |
---------------+-------+-----
Crossbows      | 3 4 |  4.1
Fighting       | |  1.1
Dodging        | |  2.4
Spellcasting   | |  1.1
Hexes          | |  3.0

Action                   || total
-------------------------++-------
 Fire: Hand crossbow     ||    42
Armor: Robe              ||     2
Dodge: Dodged            ||    22

Table legend: (Time is in decaauts)
 A = Elapsed time spent in this place.
 B = Non-inter-level travel time spent in this place.
 C = Inter-level travel time spent in this place.
 D = Time resting spent in this place.
 E = Time spent auto-exploring this place.
 F = Levels seen in this place.
 G = Mean time per level.
                   A        B        C        D        E       F      G
               +--------+--------+--------+--------+--------+-----+--------+
         Total |   1385 |   1301 |     84 |     86 |   1095 |   2 |  692.5 |
       Dungeon |   1385 |   1301 |     84 |     86 |   1095 |   2 |  692.5 |
               +--------+--------+--------+--------+--------+-----+--------+

Top non-repeatable levels by time:
     D:1: 1284 daAuts
     D:2: 101 daAuts
